 Dungeon Crawl Stone Soup version 0.27-a0-412-g8dd771eca2 (webtiles) character file.

Game seed: 14005741495231356233

40080 CovertPenguin the Martial Artist (level 13, -22/135 HPs)
             Began as a White Draconian Transmuter on Feb 24, 2021.
             Was a High Priest of Okawaru.
             Annihilated by a polar bear (50 damage)
             ... on level 5 of the Lair of Beasts.
             The game lasted 00:58:22 (26901 turns).

CovertPenguin the Martial Artist (DrTm)            Turns: 26901, Time: 00:58:22

Health: -22/135    AC:  6    Str: 19    XL:     13   Next: 72%
Magic:  16/16      EV: 15    Int: 14    God:    Okawaru [*****.]
Gold:   1148       SH:  0    Dex: 16    Spells: 6/16 levels left

rFire    x . .     SeeInvis .     - Unarmed
rCold    + + +     Faith    .   (shield currently unavailable)
rNeg     . . .     Spirit   .   (armour unavailable)
rPois    +         Reflect  .   (helmet currently unavailable)
rElec    .         Harm     .   (cloak currently unavailable)
rCorr    .         Rampage  .   (gloves currently unavailable)
Will     .....                  (boots currently unavailable)
Stlth    +.........             h - amulet of the acrobat
HPRegen  0.32/turn              o - ring of protection from cold
MPRegen  0.15/turn              B - +6 ring of strength

@: ice-form (expiring), sleeping, wereblooded, slowed
A: large, (breathe frost), unfitting armour, AC +8
a: End Transformation, Renounce Religion, Heroism, Finesse


You were on level 5 of the Lair of Beasts.
You worshipped Okawaru.
Okawaru was extremely pleased with you.
You were a creature of crystalline ice.
You visited 3 branches of the dungeon, and saw 18 of its levels.

You collected 1336 gold pieces.
You spent 188 gold pieces at shops.

Inventory:

Hand Weapons
 m - the +2 quick blade of Patience {venom, rElec Int+4 Dex+4, unknown}
   (Okawaru gifted it to you on level 2 of the Lair of Beasts)

   It poisons the flesh of those it strikes.
   It affects your intelligence (+4).
   It affects your dexterity (+4).
   It insulates you from electricity.
Missiles
 e - 799 stones (quivered)
 H - 4 throwing nets {!f}
 J - 18 javelins
 K - 24 boomerangs
Armour
 C - a +1 hat (melded)
   (Okawaru gifted it to you on level 4 of the Lair of Beasts)
 O - a +0 cloak (melded)
   (You found it on level 11 of the Dungeon)
 P - a +0 pair of gloves (melded)
   (You found it on level 12 of the Dungeon)
 Q - a +2 pair of boots (melded)
   (You found it on level 3 of the Lair of Beasts)
Jewellery
 h - an amulet of the acrobat (around neck)
   (You found it on level 1 of the Dungeon)
 o - a ring of protection from cold (left front paw)
   (You found it on level 4 of the Dungeon)
 B - a +6 ring of strength (right front paw)
   (You took it off an orc on level 6 of the Dungeon)
Wands
 d - a wand of iceblast (8)
   (You took it off an orc warrior on level 12 of the Dungeon)
 t - a wand of flame (44)
   (You found it on level 3 of the Dungeon)
 u - a wand of paralysis (14)
   (You found it on level 4 of the Dungeon)
 x - a wand of acid (25)
   (You found it on level 8 of the Dungeon)
 E - a wand of polymorph (27)
   (You found it on level 7 of the Dungeon)
Scrolls
 b - 6 scrolls of enchant weapon
 c - 3 scrolls of immolation {!r}
 f - a scroll of silence
 k - 3 scrolls of enchant armour
 n - 4 scrolls of amnesia {unknown}
 v - 2 scrolls of fog
 w - a scroll of magic mapping
 y - a scroll of blinking
 A - a scroll of holy word
 I - 5 scrolls of fear
 M - 8 scrolls of teleportation {@r4}
 N - a scroll of brand weapon {unknown}
Potions
 a - 2 potions of heal wounds {@q2}
 g - 3 potions of mutation {!q}
 i - 8 potions of curing {@q1}
 j - 4 potions of flight
 l - a potion of brilliance
 p - a potion of invisibility
 q - 6 potions of haste {@q3}
 r - 4 potions of lignification {!q}
 s - 4 potions of degeneration {unknown}
 z - a potion of magic
 D - 2 potions of berserk rage
 F - 4 potions of cancellation {unknown}
 G - 2 potions of might {unknown}
 L - a potion of ambrosia {unknown}
 R - a potion of attraction {unknown}


   Skills:
 - Level 10.0 Fighting
 - Level 8.0 Dodging
 + Level 14.8 Unarmed Combat
 - Level 2.0 Spellcasting
 - Level 14.0 Transmutations


You had 6 spell levels left.
You knew the following spells:

 Your Spells              Type           Power        Failure   Level
a - Beastly Appendage     Tmut           80%          1%          1
b - Wereblood             Tmut           40%          1%          2
c - Spider Form           Tmut/Pois      10%          4%          3
d - Ice Form              Ice/Tmut       21%          13%         4

Your spell library contained the following spells:

 Spells                   Type           Power        Failure   Level
 Blade Hands              Tmut           20%          1%          5
 Ignite Poison            Fire/Tmut/Pois 14%          11%         3
 Yara's Violent Unravell  Hex/Tmut       10%          36%         5
 Cause Fear               Hex            0%           93%         4
 Fireball                 Conj/Fire      0%           100%        5
 Silence                  Hex/Air        0%           100%        5
 Starburst                Conj/Fire      0%           100%        6
 Discord                  Hex            0%           100%        8
 Ignition                 Fire           0%           100%        8


Dungeon Overview and Level Annotations

Branches:
Dungeon (12/15)            Temple (1/1) D:6            Lair (5/6) D:8
  Swamp (0/4) Lair:2       Spider (0/4) Lair:2        Slime (0/5) Lair:5
    Orc (0/2) D:12

Altars:
Ashenzari
Cheibriados
Dithmenos
Elyvilon
Fedhas
Gozag
Hepliaklqana
Kikubaaqudgha
Makhleb
Nemelex Xobeh
Okawaru
Qazlal
Ru
Sif Muna
Trog
Uskayaw
Vehumet
Wu Jian
Xom
Yredelemnul
Zin
The Shining One
Jiyva

Shops:
D:4 *   D:6 =   D:9 ?   D:10 [   D:12 [(

Annotations:
D:10 3 runed translucent doors, SnubMonkey's ghost, novice TrWn
Lair:2 exclusion: orange crystal statue
Lair:3 1 runed translucent door


Innate Abilities, Weirdness & Mutations

((You can breathe waves of freezing cold.))
((You can buffet flying creatures when you breathe cold.))
((Your icy white scales are hard. (AC +8)))
You cannot fit into any form of body armour.
((Your flesh is cold resistant. (rC+)))
((You are cold-blooded and may be slowed by cold attacks.))


Message History

You hit the wyvern but do no damage. The wyvern bites you!
* * * LOW HITPOINT WARNING * * *
You punch the wyvern! You freeze the wyvern. The wyvern closely misses you.
You punch the wyvern! You freeze the wyvern.
You kill the wyvern!
Okawaru accepts your kill.
You barely miss the wyvern. The wyvern bites you!
* * * LOW HITPOINT WARNING * * *
The wyvern barely misses you.
You punch the wyvern! You freeze the wyvern.
You howl as the wereblood boils in your veins!
The wyvern bites you!!
* * * LOW HITPOINT WARNING * * *
You hit the wyvern. You freeze the wyvern. The wyvern completely misses you.
You pummel the wyvern!! You freeze the wyvern.
You kill the wyvern!
Okawaru accepts your kill.
You punch the wyvern! You freeze the wyvern. The wyvern completely misses you.
You hit the wyvern. You freeze the wyvern.
The wyvern hisses menacingly.
The wyvern completely misses you.
You punch the wyvern! You freeze the wyvern.
You kill the wyvern!
Okawaru accepts your kill.
You howl as the wereblood boils in your veins!
You hear a bleat! x2
A dream sheep comes into view.
The dream sheep bleats!
A torpor snail comes into view.
Being near the torpor snail leaves you feeling lethargic.
Something bites the plant!
The plant begins to die.
You hear a bleat!
You hear a bleat! x2
A dream sheep comes into view.
Something bites the plant.
A dream sheep comes into view.
The dream sheep bleats!
The dream sheep ruffle their wool and motes of dream dust sparkle, to no effect.
The dream sheep moves out of view.
You feel yourself speed up.
Being near the torpor snail leaves you feeling lethargic.
The polar bear barely misses you. The polar bear closely misses you.
The polar bear claws you but does no damage.
A dream sheep comes into view.
Your transformation is almost over.
The dream sheep shake their wool and sparkle.
You feel drowsy...
You fall asleep.
The polar bear completely misses you. x2; The polar bear misses you.
The polar bear bites you!!!
You die...

.P...# #..#####
#..#....##.# ...P.P
#......# #h..##.....# .
....
###....###.........###..
..
##....##.....Y.##..... .
#.##...P...#.##......
###......###........#
##......##.Y.......
#..#######Y#......
#Y##.###.h###....#
#hhYY##≈.P#......#
#.h.....≈≈≈≈....##
#.Y#w...≈≈≈≈≈≈≈...#
#...#..≈≈≈≈≈≈≈≈≈.P#
#.Y....≈≈≈≈≈≈≈≈≈≈
#......≈≈≈≈≈≈≈≈≈≈
#...##≈≈≈≈.>.≈≈≈≈ ....
#≈≈≈≈.≈≈≈≈≈.


You could see an elephant, a torpor snail, 4 polar bears and 3 dream sheep.

Vanquished Creatures
  Rupert (D:12)
  Josephine (D:11)
  A boulder beetle (D:12)
  Harold (D:9)
  A hydra (Lair:1)
  2 death yaks (Lair:4)
  3 two-headed ogres
  Erica (D:10)
  Urug (D:10)
  An unseen horror (D:10)
  2 bog bodies (Lair:2)
  2 ugly things
  Pikel (D:7)
  A manticore (D:12)
  An oklob plant (D:7)
  6 elephants (Lair:2)
  6 black mambas
  6 cane toads
  A gargoyle (D:12)
  A rime drake (Lair:4)
  5 komodo dragons
  3 polar bears (Lair:4)
  13 blink frogs
  6 wraiths
  19 yaks
  3 basilisks
  8 wyverns
  A steam dragon (D:8)
  5 vampire mosquitoes (D:12)
  Menkaure (D:7)
  10 water moccasins
  4 black bears
  4 sky beasts
  12 orc warriors
  An eye of draining (D:9)
  9 ogres
  4 wolves (Lair:2)
  2 phantoms (D:9)
  6 centaurs
  11 bullfrogs
  3 scorpions
  29 killer bees
  21 wights
  12 howler monkeys
  An electric eel (D:10)
  2 centaur zombies
  3 jellies
  A bullfrog skeleton (D:10)
  6 orc priests
  A bullfrog zombie (D:11)
  8 hounds
  3 iguanas
  7 centaur skeletons
  16 orc wizards
  8 worker ants
  A killer bee zombie (D:9)
  A hound skeleton (D:7)
  A worker ant zombie (D:7)
  3 gnolls (D:6)
  8 adders
  2 shadow imps
  3 white imps
  2 ufetubi
  An ooze (D:3)
  4 worms
  7 leopard geckos
  62 orcs
  A ball python (D:2)
  9 giant cockroaches
  10 hobgoblins
  18 jackals
  4 quokkas
  3 bats
  6 frilled lizards
  7 goblins
  9 kobolds
  4 quokka skeletons
  6 rats
460 creatures vanquished.

Vanquished Creatures (others)
  An orc wizard (D:6)
  8 fungi
  7 plants
16 creatures vanquished.

Grand Total: 476 creatures vanquished

Notes
Turn   | Place    | Note
-------+----------+-------------------------------------------
     0 | D:1      | CovertPenguin the Draconian Transmuter began the quest for
                  | the Orb.
     0 | D:1      | Reached XP level 1. HP: 16/16 MP: 3/3
   409 | D:1      | Reached XP level 2. HP: 23/23 MP: 3/5
   418 | D:1      | Learned a level 2 spell: Wereblood
  1190 | D:2      | Reached XP level 3. HP: 25/28 MP: 6/6
  1658 | D:2      | Found a bloodstained altar of Trog.
  1931 | D:2      | Reached XP level 4. HP: 32/35 MP: 7/7
  1958 | D:2      | Learned a level 3 spell: Spider Form
  2454 | D:2      | Reached skill level 5 in Transmutations
  2829 | D:3      | Noticed a centaur
  2849 | D:3      | Killed a centaur
  2850 | D:3      | Reached XP level 5. HP: 14/40 MP: 2/8
  3245 | D:3      | Reached XP level 6. HP: 21/47 MP: 6/9
  4461 | D:4      | Your scales start taking on an icy white colour.
  4461 | D:4      | Reached XP level 7. HP: 46/52 MP: 6/10
  4461 | D:4      | Gained mutation: Your flesh is cold resistant. (rC+) [White
                  | Draconian growth]
  4543 | D:4      | Found Koerer's Assorted Antiques.
  4746 | D:4      | Learned a level 4 spell: Ice Form
  5463 | D:5      | Entered Level 5 of the Dungeon
  6192 | D:5      | Reached skill level 5 in Unarmed Combat
  6329 | D:5      | Reached XP level 8. HP: 59/59 MP: 8/11
  8384 | D:6      | Found Epyner's Jewellery Boutique.
  8729 | D:7      | Reached XP level 9. HP: 51/64 MP: 9/12
  8849 | D:7      | Found a burning altar of Makhleb.
  8948 | D:7      | Noticed Menkaure
  8948 | D:7      | Noticed Pikel
  9021 | D:7      | Killed Pikel
  9238 | D:7      | Killed Menkaure
  9745 | D:7      | Found a shadowy altar of Dithmenos.
  9746 | D:7      | Noticed an oklob plant
  9759 | D:7      | Killed an oklob plant
  9760 | D:7      | Reached skill level 5 in Fighting
  9760 | D:7      | Reached skill level 10 in Transmutations
  9941 | D:6      | Found a staircase to the Ecumenical Temple.
 10111 | Temple   | Entered the Ecumenical Temple
 10167 | Temple   | Became a worshipper of Warmaster Okawaru
 10289 | D:7      | Found a glowing silver altar of Zin.
 11115 | D:8      | Reached * piety under Okawaru
 11116 | D:8      | Reached XP level 10. HP: 86/86 MP: 9/13
 11591 | D:8      | Found an ancient bone altar of Kikubaaqudgha.
 11596 | D:8      | Found a sparkling altar of Nemelex Xobeh.
 11597 | D:8      | Found a shimmering blue altar of Sif Muna.
 11598 | D:8      | Found a sacrificial altar of Ru.
 11599 | D:8      | Found a stormy altar of Qazlal.
 11603 | D:8      | Found a shadowy altar of Dithmenos.
 11875 | D:8      | Found a staircase to the Lair.
 12287 | D:9      | Reached ** piety under Okawaru
 12703 | D:9      | Found a burning altar of Makhleb.
 12713 | D:9      | Noticed Harold
 12723 | D:9      | Killed Harold
 12724 | D:9      | Reached skill level 10 in Unarmed Combat
 12749 | D:9      | Reached skill level 10 in Fighting
 12755 | D:9      | Reached *** piety under Okawaru
 13566 | D:9      | Found Adirr's Magic Scroll Boutique.
 13691 | D:10     | Entered Level 10 of the Dungeon
 13691 | D:10     | Found Mokidgha's Armour Emporium.
 13729 | D:10     | Reached XP level 11. HP: 84/99 MP: 6/14
 14084 | D:10     | Killed an unseen horror
 14084 | D:10     | Reached **** piety under Okawaru
 14311 | D:10     | Noticed Urug
 14322 | D:10     | Killed Urug
 14844 | D:10     | Noticed Erica
 15479 | D:10     | Found a runed translucent gate.
 15479 | D:10     | Found a runed translucent gate.
 15479 | D:10     | Found a runed translucent gate.
 15479 | D:10     | Noticed a nine-headed hydra
 15481 | D:10     | Noticed a nine-headed hydra
 15482 | D:10     | Noticed SnubMonkey's ghost (novice TrWn)
 15834 | D:10     | Killed Erica
 16223 | D:11     | Noticed a white ugly thing
 16227 | D:10     | Identified the +4 scale mail of Lifelessness {Str+7 Stlth+}
 16373 | D:11     | Killed a white ugly thing
 16373 | D:11     | Reached ***** piety under Okawaru
 16618 | D:11     | Noticed a two-headed ogre
 16868 | D:11     | Noticed a two-headed ogre
 16877 | D:11     | Killed a two-headed ogre
 16888 | D:11     | Reached skill level 5 in Dodging
 16903 | D:11     | Noticed Josephine
 17293 | D:11     | Killed Josephine
 17776 | D:11     | Received a gift from Okawaru
 17932 | D:11     | Killed a two-headed ogre
 17933 | D:11     | Reached XP level 12. HP: 100/106 MP: 13/15
 18119 | D:12     | Noticed a boulder beetle
 18516 | D:12     | Found Dolo's Armour Shoppe.
 18573 | D:12     | Found a staircase to the Orcish Mines.
 18577 | D:12     | Found Wokkor's Weapon Shoppe.
 18864 | D:12     | Noticed a two-headed ogre
 18874 | D:12     | Killed a two-headed ogre
 18886 | D:12     | Killed a boulder beetle
 18886 | D:12     | Received a gift from Okawaru
 19630 | D:12     | Noticed Rupert
 19645 | D:12     | Killed Rupert
 20209 | Lair:1   | Entered Level 1 of the Lair of Beasts
 20221 | Lair:1   | Reached ****** piety under Okawaru
 20280 | Lair:1   | Noticed a five-headed hydra
 20285 | Lair:1   | Killed a five-headed hydra
 20285 | Lair:1   | Received a gift from Okawaru
 20286 | Lair:1   | Got a slimy fustibalus {god gift}
 20967 | Lair:1   | Reached XP level 13. HP: 111/113 MP: 8/16
 21624 | Lair:2   | Found a dark tunnel.
 21897 | Lair:2   | Found a hole to the Spider Nest.
 22348 | Lair:2   | Found a staircase to the Swamp.
 23156 | Lair:2   | Received a gift from Okawaru
 23157 | Lair:2   | Got a shimmering quick blade {god gift}
 23505 | D:9      | Bought a scroll of identify for 28 gold pieces
 23505 | D:9      | Bought a scroll of identify for 28 gold pieces
 23505 | D:9      | Bought a scroll of identify for 28 gold pieces
 23654 | D:4      | Bought 2 scrolls of identify for 104 gold pieces
 24639 | Lair:3   | Found a runed translucent door.
 25221 | Lair:4   | Received a gift from Okawaru
 25226 | Lair:4   | HP: 5/135 [polar bear (4)]
 26563 | Lair:5   | Found a staircase to the Slime Pits.
 26563 | Lair:5   | Found a viscous altar of Jiyva.
 26901 | Lair:5   | Annihilated by a polar bear

Illustrated notes

Levels and vault maps discovered:
D:1:      dpeg_arrival_three_bigger_balls, layout_loops_ring,
          minmay_crystal_water, minmay_tetromino_t4
D:2:      layout_basic, nicolae_overflow_hidden_temple, minmay_misc_feat_iff
D:3:      layout_basic
D:4:      layout_gridville, serial_shops, nicolae_shop_window_shopping,
          serial_bayou_pond_b
D:5:      layout_basic
D:6:      minmay_general_purpose_star, layout_basic,
          minmay_temple_entry_from_below_b, serial_shops, nicolae_shop_stone,
          minmay_circle_x
D:7:      layout_basic, old_standard_altar, lightli_temple_of_fire,
          lemuel_oklob_altar, uniq_menkaure, uniq_pikel
D:8:      layout_loops_ring, minitemple, erik_lair_dragon
D:9:      layout_loops_ring, serial_shops, shop_statue, bloody_makhleb,
          uniq_harold
D:10:     layout_loops_ring, serial_shops, shop_fountains,
          gammafunk_ghost_hydra_chop, kennysheep_crisscross, uniq_urug,
          uniq_erica
D:11:     layout_cave_pools, uniq_josephine
D:12:     layout_basic, orc_david_3, uniq_rupert
Temple:   cyrus_circular_temple
Lair:1:   layout_cave_pods, infiniplex_staircase_pool
Lair:2:   layout_regular_city, skrybe_swamp_entry_bodies, dummy_spider_entry,
          lightli_volcano_entry_magma_tube, disabler_island, grunt_megastairs_2
Lair:3:   gammafunk_mikee_crab_dinner, layout_cave_shapes, lemuel_fruit_tree
Lair:4:   layout_gridlike, beast_lair_carwin_6
Lair:5:   layout_loops_ring, slime_altar_1, gammafunk_ghost_wrathful_warriors,
          beast_lair_carwin_7, infiniplex_staircase_pool_2

Skill      XL: |  1  2  3  4  5  6  7  8  9 10 11 12 13 |
---------------+----------------------------------------+-----
Transmutations | 3 4 5 6 7 8 9 10 12 14 | 14.0
Unarmed Combat | 5 7 9 10 11 12 14 | 14.8
Fighting       | 7 10 | 10.0
Dodging        | 2 5 7 8 |  8.0
Spellcasting   | |  2.0

Action                   |  1- 3 |  4- 6 |  7- 9 | 10-12 | 13-15 || total
-------------------------+-------+-------+-------+-------+-------++-------
Melee: Unarmed           |   107 |   174 |   363 |   628 |   224 ||  1496
       Kick              |     9 |     8 |     5 |       |       ||    22
       Headbutt          |     8 |     4 |     1 |       |       ||    13
       Punch             |     3 |     1 |     4 |     6 |       ||    14
       Tailslap          |    10 |    13 |    12 |    28 |       ||    63
Throw: Stone             |     2 |     2 |       |       |       ||     4
 Cast: Beastly Appendage |    21 |    10 |     3 |       |       ||    34
       Wereblood         |     3 |     1 |     7 |    11 |     2 ||    24
       Spider Form       |       |    10 |    28 |    20 |     5 ||    63
       Ice Form          |       |       |     4 |    30 |    26 ||    60
Invok: Heroism           |       |       |       |    11 |     4 ||    15
       Finesse           |       |       |       |       |     1 ||     1
 Abil: Breathe Frost     |       |       |     9 |     6 |     1 ||    16
       End Transformatio |       |       |     2 |     2 |       ||     4
  Use: Potion            |       |       |     1 |     3 |     1 ||     5
       Scroll            |       |       |     9 |     5 |     8 ||    22
 Stab: Sleeping          |       |       |     3 |     2 |       ||     5
       Distracted        |       |       |       |     1 |       ||     1
Armor: Skin              |    22 |    25 |    54 |   103 |    17 ||   221
Dodge: Dodged            |    54 |   109 |   268 |   455 |   209 ||  1095

Table legend: (Time is in decaauts)
 A = Elapsed time spent in this place.
 B = Non-inter-level travel time spent in this place.
 C = Inter-level travel time spent in this place.
 D = Time resting spent in this place.
 E = Time spent auto-exploring this place.
 F = Levels seen in this place.
 G = Mean time per level.
                   A        B        C        D        E       F      G
               +--------+--------+--------+--------+--------+-----+--------+
         Total |  26711 |  25566 |   1145 |   8623 |  13076 |  18 | 1483.9 |
       Dungeon |  20389 |  19500 |    889 |   7463 |   9057 |  12 | 1699.1 |
        Temple |     63 |     56 |      7 |      0 |     41 |   1 |   63.0 |
          Lair |   6258 |   6010 |    248 |   1160 |   3977 |   5 | 1251.6 |
               +--------+--------+--------+--------+--------+-----+--------+

Top non-repeatable levels by time:
    D:10: 3332 daAuts
     D:7: 2095 daAuts
     D:5: 1890 daAuts
     D:8: 1844 daAuts
  Lair:2: 1674 daAuts
     D:3: 1656 daAuts
  Lair:4: 1625 daAuts
    D:12: 1554 daAuts
  Lair:1: 1514 daAuts
     D:6: 1457 daAuts
     D:2: 1359 daAuts
     D:9: 1348 daAuts
    D:11: 1348 daAuts
     D:1: 1318 daAuts
     D:4: 1185 daAuts
